 Dungeon Crawl Stone Soup version 0.27.0-1-g7a089689b8 (webtiles) character file.

Game seed: 14451413432574844302

250 Gunterle the Covert (level 5, -3/41 HPs)
             Began as a Vampire Delver on Aug 10, 2021.
             Was a Follower of Dithmenos.
             Slain by a white imp (4 damage)
             ... on level 3 of the Dungeon.
             The game lasted 00:14:36 (3612 turns).

Gunterle the Covert (Vampire Delver)                Turns: 3612, Time: 00:14:40

Health: -3/41      AC:  4    Str: 11    XL:     5   Next: 88%
Magic:  5/5        EV: 12    Int: 14    God:    Dithmenos [*.....]
Gold:   63         SH:  0    Dex: 15    Spells: 1/4 levels left

rFire    . . .     SeeInvis +   q - +1 dagger (drain)
rCold    . . .     Faith    .   (no shield)
rNeg     . . .     Spirit   .   b - +0 leather armour
rPois    +         Reflect  .   (no helmet)
rElec    .         Harm     .   (no cloak)
rCorr    .         Rampage  .   B - +0 pair of gloves
Will     .....                  (no boots)
Stlth    ++++......             m - amulet of magic regeneration
HPRegen  0.33/turn              l - ring of poison resistance
MPRegen  0.34/turn              (no ring)

@: healing quickly, wreathed by umbra
A: alive, fangs 3, see invisible, vampiric 2
a: Exsanguinate, Renounce Religion


You were on level 3 of the Dungeon.
You worshipped Dithmenos.
Dithmenos was aware of your devotion.
You visited 2 branches of the dungeon, and saw 7 of its levels.

You collected 217 gold pieces.
You spent 154 gold pieces at shops.

Inventory:

Hand Weapons
 a - a +0 dagger of venom
 q - a +1 dagger of draining (weapon)
Missiles
 u - 45 stones (quivered)
Armour
 b - a +0 leather armour (worn)
 B - a +0 pair of gloves (worn)
Jewellery
 h - a ring of see invisible
 k - a ring of ice
 l - a ring of poison resistance (left hand)
 m - an amulet of magic regeneration (around neck)
Wands
 g - a wand of digging (3)
 x - a wand of iceblast (8)
Scrolls
 c - a scroll of fog
 d - 4 scrolls of identify {unknown}
 j - 2 scrolls of amnesia {unknown}
 n - a scroll of magic mapping
 r - a scroll of enchant armour {unknown}
 t - 2 scrolls of teleportation {unknown}
 y - a scroll of blinking {unknown}
 A - a scroll of noise {unknown}
Potions
 f - 3 potions of haste
 i - 3 potions of flight
 o - a potion of heal wounds {unknown}
 p - 2 potions of magic {unknown}
 s - 3 potions of might
 w - a potion of degeneration
 z - a potion of brilliance {unknown}


   Skills:
 + Level 3.3 Fighting
 * Level 4.2 Short Blades
 - Level 1.4 Armour
 + Level 3.4 Dodging
 + Level 8.2 Stealth
 + Level 0.2 Spellcasting
 * Level 0.5 Transmutations
 + Level 0.2 Earth Magic


You had one spell level left.
You knew the following spells:

 Your Spells              Type           Power      Damage    Failure   Level
a - Passwall              Tmut/Erth      0%         N/A       43%         2
b - Sandblast             Erth           0%         2d4       34%         1

Your spell library contained the following spells:

 Spells                   Type           Power      Damage    Failure   Level
 Freeze                   Ice            0%         1d3       36%         1
 Frozen Ramparts          Ice            0%         1d2       75%         3
 Hailstorm                Conj/Ice       0%         3d3       98%         4
 Lee's Rapid Deconstruct  Erth           0%         3d5*      100%        5


Dungeon Overview and Level Annotations

Branches:
Dungeon (6/15)             Temple (1/1) D:5

Altars:
Cheibriados
Dithmenos
Elyvilon
Fedhas
Gozag
Hepliaklqana
Kikubaaqudgha
Makhleb
Nemelex Xobeh
Okawaru
Qazlal
Ru
Trog
Uskayaw
Wu Jian
Xom
Yredelemnul
Zin

Shops:
D:2 !

Annotations:
D:4 exclusions: jelly, ogre and orc
D:5 exclusion: downstairs


Innate Abilities, Weirdness & Mutations

Your natural rate of healing is accelerated.
You have razor-sharp teeth.
You have supernaturally acute eyesight. (SInv)
You are afflicted with vampirism and can become a bat while bloodless.


Message History

The white imp barely misses you.
You closely miss the white imp.
The white imp is heavily wounded.
You closely miss the white imp.
The white imp is heavily wounded.
The white imp hits you but does no damage.
You completely miss the white imp.
The white imp is heavily wounded.
The white imp gestures at you. The puff of frost hits you!
You are too injured to fight recklessly!
You are too injured to fight recklessly!
You are too injured to fight recklessly!
You are too injured to fight recklessly!
You hit the white imp but do no damage.
The white imp is heavily wounded.
The white imp misses you.
You hit the white imp but do no damage. You bite the white imp.
The white imp is almost dead.
You hit the white imp but do no damage.
The white imp is almost dead.
The white imp hits you. The white imp freezes you.
You hit the white imp but do no damage.
The white imp is almost dead.
The white imp gestures at you. The puff of frost hits you!
* * * LOW HITPOINT WARNING * * *
Unknown command.
You feel better. The white imp hits you.
* * * LOW HITPOINT WARNING * * *
The white imp freezes you.
* * * LOW HITPOINT WARNING * * *
Okay, then.
As you read the scroll of fear, it crumbles to dust.
You assume a fearsome visage.
The goblin looks frightened!
The goblin shouts!
The white imp is unaffected.
You hear an angry hiss.
The white imp hits you.
You die...

#. ## #. ... #..
#.##.#########
#.∩..∩..♣..8.g
#.............
#......5......
#.∩..8@.♣..∩. ###
#.............
##.####............
######(.....∩.†_..∩..∩..
.....##.####............
####.##.# #............
####.##.####...∩..∩..♣..
.....#.#..##............
......##...#...........


You could see a white imp and a goblin (fleeing).

Vanquished Creatures
  A scorpion (D:4)
  A jelly (D:4)
  A hound (D:5)
  A scorpion zombie (D:5)
  An iguana (D:4)
  2 worms (D:4)
  A dart slug (D:2)
  3 orcs (D:3)
  7 endoplasms
  3 giant cockroaches
  5 goblins
  3 hobgoblins
  10 jackals
  5 kobolds
  2 quokkas
  8 ball pythons
  3 bats
  6 frilled lizards
  A quokka skeleton (D:4)
  8 rats
72 creatures vanquished.

Notes
Turn   | Place    | Note
-------+----------+-------------------------------------------
     0 | D:5      | Gunterle the Vampire Delver began the quest for the Orb.
     0 | D:5      | Reached XP level 1. HP: 17/17 MP: 1/1
    14 | D:5      | Noticed a hound
    29 | D:6      | Noticed a sky beast
    50 | D:5      | Reached XP level 2. HP: 12/23 MP: 2/2
   175 | D:4      | Gained mutation: You are afflicted with vampirism and can
                  | become a bat while bloodless. [Vampire growth]
   175 | D:4      | Reached XP level 3. HP: 11/28 MP: 3/3
   293 | D:4      | Noticed an ogre
   373 | D:4      | Noticed a scorpion
   377 | D:4      | Killed a scorpion
   378 | D:4      | Reached skill level 1 in Armour
   378 | D:4      | Reached XP level 4. HP: 35/35 MP: 4/4
   663 | D:4      | Found an ornate altar of the Wu Jian Council.
   791 | D:4      | Reached XP level 5. HP: 41/41 MP: 5/5
  1002 | D:5      | Noticed an ogre
  1073 | D:5      | Reached skill level 8 in Stealth
  1132 | D:5      | Noticed a black bear
  1221 | D:5      | Found a staircase to the Ecumenical Temple.
  1228 | Temple   | Entered the Ecumenical Temple
  1359 | Temple   | Became a worshipper of Dithmenos the Shadowed
  2387 | D:2      | Learned a level 2 spell: Passwall
  2389 | D:2      | Learned a level 1 spell: Sandblast
  2635 | D:2      | Found Kevvuxi's Distillery.
  2639 | D:2      | Bought a potion of curing for 42 gold pieces
  2639 | D:2      | Bought a potion of degeneration for 14 gold pieces
  2639 | D:2      | Bought a potion of flight for 42 gold pieces
  2639 | D:2      | Bought a potion of might for 56 gold pieces
  3129 | D:3      | Reached * piety under Dithmenos
  3588 | D:3      | Found a faded altar of an unknown god.
  3610 | D:3      | HP: 2/41 [white imp/puff of frost (13)]
  3612 | D:3      | Slain by a white imp

Illustrated notes

Levels and vault maps discovered:
D:1:      ebering_trefoil_twist, layout_basic
D:2:      layout_loops_ring, serial_shops, nicolae_shop_trees,
          grunt_decor_resistance
D:3:      layout_loops_ring, hellmonk_ecumenical_altar_arch_garden
D:4:      layout_basic, mainiacjoe_overflow_small_starburst, st_stairs_14
D:5:      layout_cave_pools, temple_statues
D:6:      layout_loops_ring, serial_shops, shop
Temple:   minmay_crystal_spiral_temple

Skill      XL: |  1  2  3  4  5 |
---------------+----------------+-----
Short Blades   | 3 4 |  4.2
Fighting       | 3 |  3.3
Armour         | 1 |  1.4
Dodging        | 3 |  3.4
Stealth        | 8 |  8.2
Spellcasting   | |  0.2
Transmutations | |  0.5
Earth Magic    | |  0.2

Action                   |  1- 3 |  4- 6 || total
-------------------------+-------+-------++-------
Melee: Short sword       |    27 |    63 ||    90
       Bite              |     2 |    28 ||    30
       Dagger            |       |   158 ||   158
  Use: Scroll            |       |     2 ||     2
       Potion            |       |     1 ||     1
 Stab: Sleeping          |     3 |    23 ||    26
       Distracted        |       |     1 ||     1
Armor: Leather armour    |     1 |    37 ||    38
Dodge: Dodged            |     6 |   108 ||   114
